 Dungeon Crawl Stone Soup version 0.28.0-43-g3370ac3207 (webtiles) character file.

Game seed: 11948085656925219013

631 wolfrpgdude the Poker (level 7, -3/60 HPs)
             Began as a Green Draconian Berserker on Mar 16, 2022.
             Was a Believer of Trog.
             Succumbed to an orc wizard's poison
             ... on level 5 of the Dungeon.
             The game lasted 00:11:19 (4457 turns).

wolfrpgdude the Poker (Green Draconian Berserker)   Turns: 4457, Time: 00:11:19

Health: -3/60      AC: 13    Str: 19 (21) XL:     7   Next: 24%
Magic:  7/7        EV: 12    Int:  5 (7)  God:    Trog [**....]
Gold:   131        SH:  0    Dex:  9 (11) Spells: 6/6 levels left

rFire   + . .      SeeInvis .   r - +2 falchion (protect)
rCold   + . .      Faith    .   j - orb {mayhem}
rNeg    . . .      Spirit   .   (armour unavailable)
rPois   +          Reflect  .   (helmet restricted)
rElec   .          Harm     .   (no cloak)
rCorr   .          Rampage  .   (no gloves)
Will    .....                   (no boots)
Stlth   ++........              s - amulet of the acrobat
HPRegen 0.20/turn               g - ring of protection from cold
MPRegen 0.10/turn               n - ring of protection from fire

@: lethally poisoned (-3 -> -20), under a protective aura, flying
A: breathe noxious fumes, AC +6, unfitting armour, poison resistance,
cold-blooded
a: Breathe Noxious Fumes, Renounce Religion, Berserk, Trog's Hand


You were on level 5 of the Dungeon.
You worshipped Trog.
Trog was pleased with you.
You visited 1 branch of the dungeon, and saw 5 of its levels.

You collected 131 gold pieces.

Inventory:

Hand Weapons
 a - a +0 spear
 m - a +0 hand axe
 r - a +2 falchion of protection (weapon)
Armour
 j - an orb of mayhem (worn)
Jewellery
 g - a ring of protection from cold (left hand)
 n - a ring of protection from fire (right hand)
 s - an amulet of the acrobat (around neck)
Wands
 q - a wand of flame (6)
Scrolls
 b - a scroll of holy word
 c - a scroll of enchant armour {unknown}
 d - a scroll of identify
 f - 2 scrolls of magic mapping {unknown}
 p - a scroll of fear {unknown}
 t - a scroll of summoning {unknown}
Potions
 e - 2 potions of might
 h - a potion of resistance {unknown}
 i - a potion of degeneration
 k - a potion of curing {unknown}
 l - a potion of flight


   Skills:
 + Level 4.8 Fighting
 + Level 1.0 Long Blades
 + Level 2.4(4.4) Axes
 + Level 5.7(5.9) Polearms
 + Level 3.8 Dodging
 + Level 2.3 Stealth
 + Level 0.4 Evocations


You had 6 spell levels left.
You didn't know any spells.
Your spell library was empty.

Dungeon Overview and Level Annotations

Branches:
Dungeon (5/15)
 Temple: D:4-7

Altars:
Okawaru
Wu Jian


Innate Abilities, Weirdness & Mutations

You can breathe blasts of noxious fumes.
Your lurid green scales are hard. (AC +6)
You cannot fit into any form of body armour.
Your system is resistant to poisons. (rPois)
You are cold-blooded and may be slowed by cold attacks.


Message History

It was a potion of flight.
You feel very buoyant.
You fly up into the air.
You have got your breath back.
* * * LOW HITPOINT WARNING * * *
You feel very sick. The ice beast barely misses you.
Something barely misses you.
It was a potion of heal wounds.
You feel much better.
You feel sick. The ice beast barely misses you.
Something hits you but does no damage.
Okay, then.
You hit the ice beast but do no damage.
Your weapon exudes an aura of protection.
You feel sick.
The ice beast hits you but does no damage.
Something hits you but does no damage.
You are more poisoned.
The ice beast hits you but does no damage.
Something hits you but does no damage.
You are lethally poisoned!
You hit the ice beast.
The ice beast is lightly wounded.
* * * LOW HITPOINT WARNING * * *
You feel extremely sick. The ice beast closely misses you.
Something hits you but does no damage.
You barely miss the ice beast.
The ice beast is lightly wounded.
* * * LOW HITPOINT WARNING * * *
You feel very sick.
The ice beast hits you but does no damage.
Something hits you but does no damage.
You are more poisoned.
You hit the ice beast.
The ice beast is moderately wounded.
* * * LOW HITPOINT WARNING * * *
You feel very sick.
The ice beast hits you but does no damage.
Something hits you but does no damage.
You hit the ice beast.
The ice beast is heavily wounded.
You die...

#### #...
.##############.#.
................#. .
###....†..#### #..
#.####....#.
#...#########.# #.##.#.
#.....{@....#.####......
##.###.Y)#.........###.#
##...###............#
#...........###.###.#
#..#.).).#..# # #.#
#.##.._..##.# #.# ...
#.).).# ... #.#
...$........ .... #.#
.###...###.Y.#..#. #.#


You could see an ice beast.

Vanquished Creatures
  A water moccasin (D:4)
  A bullfrog (D:3)
  2 howler monkeys
  2 hounds
  A centaur skeleton (D:4)
  Terence (D:2)
  Jessica (D:2)
  2 iguanas
  2 orc wizards
  A gnoll (D:4)
  3 adders
  A worm (D:3)
  An adder skeleton (D:3)
  4 dart slugs
  8 orcs
  4 ball pythons
  8 bats
  7 endoplasms
  5 giant cockroaches
  5 goblins
  4 hobgoblins
  12 jackals
  7 kobolds
  4 frilled lizards
  2 rats
89 creatures vanquished.

Vanquished Creatures (others)
  An orc (D:5)
1 creature vanquished.

Grand Total: 90 creatures vanquished

Notes
Turn   | Place    | Note
-------+----------+-------------------------------------------
     0 | D:1      | wolfrpgdude the Draconian Berserker began the quest for the
                  | Orb.
     0 | D:1      | Reached XP level 1. HP: 19/19 MP: 1/1
    94 | D:1      | Reached XP level 2. HP: 25/26 MP: 2/2
   135 | D:1      | Found a faded altar of an unknown god.
   337 | D:1      | Reached ** piety under Trog
   387 | D:1      | Reached XP level 3. HP: 33/33 MP: 3/3
   901 | D:2      | Noticed Terence
   911 | D:2      | Killed Terence
   912 | D:2      | Reached skill level 4 in Polearms
   912 | D:2      | Reached XP level 4. HP: 40/40 MP: 4/4
  1052 | D:2      | Noticed Jessica
  1057 | D:2      | Killed Jessica
  1710 | D:3      | Found an ornate altar of the Wu Jian Council.
  2108 | D:3      | Noticed a bullfrog
  2126 | D:3      | Reached skill level 1 in Stealth
  2126 | D:3      | Reached XP level 5. HP: 22/46 MP: 5/5
  2129 | D:3      | Reached skill level 5 in Polearms
  2998 | D:4      | Reached XP level 6. HP: 46/53 MP: 6/6
  3473 | D:4      | Reached skill level 1 in Axes
  3667 | D:4      | Noticed a water moccasin
  3679 | D:4      | Killed a water moccasin
  4174 | D:4      | Your scales start taking on a lurid green colour.
  4174 | D:4      | Reached XP level 7. HP: 55/60 MP: 7/7
  4174 | D:4      | Gained mutation: Your system is resistant to poisons.
                  | (rPois) [Green Draconian growth]
  4285 | D:5      | Entered Level 5 of the Dungeon
  4394 | D:5      | Found an iron altar of Okawaru.
  4436 | D:5      | Reached skill level 1 in Long Blades
  4451 | D:5      | HP: 1/60 [poisoned by an orc wizard]
  4456 | D:5      | HP: 2/60 [poisoned by an orc wizard]
  4457 | D:5      | Succumbed to an orc wizard's poison

Illustrated notes

Levels and vault maps discovered:
D:1:      dpeg_arrival_windows_large_door, layout_loops_ring,
          shapermc_ecumenical_altar_starsandcircs
D:2:      layout_loops_ring, serial_forest, infiniplex_forest_lined_ring,
          infiniplex_forest_diagonal, infiniplex_forest_pool,
          infiniplex_forest_zigzag_2, infiniplex_forest_straight_2,
          uniq_terence, uniq_jessica
D:3:      layout_loops_ring, nicolae_wu_jian_wuxing_cycle, minmay_bisected
D:4:      layout_loops_cross, grunt_tough_drop
D:5:      layout_loops_ring, okawaru_ov_weapons_minmay,
          mainiacjoe_overflow_24_doors, makhleb_altar_promises_db,
          xom_butterflies, mainiacjoe_overflow_six_doors_small, uniq_menkaure

Skill      XL: |  1  2  3  4  5  6  7 |
---------------+----------------------+-----
Dodging        | 3 |  3.8
Polearms       | 4 5 |  5.7
Fighting       | 4 |  4.8
Stealth        | 1 2 |  2.3
Axes           | 2 |  2.4
Long Blades    | 1 |  1.0
Evocations     | |  0.4

Action                   |  1- 3 |  4- 6 |  7- 9 || total
-------------------------+-------+-------+-------++-------
Melee: Spear             |   102 |   115 |       ||   217
       Tailslap          |     6 |    25 |     1 ||    32
       Punch             |     3 |     2 |       ||     5
       Hand axe          |       |    59 |       ||    59
       Falchion          |       |    27 |    38 ||    65
Invok: Berserk           |     1 |     5 |       ||     6
 Abil: Breathe Noxious F |       |       |     2 ||     2
Evoke: Wand              |       |     4 |       ||     4
  Use: Scroll            |       |     4 |       ||     4
       Potion            |       |       |     3 ||     3
 Stab: Sleeping          |     1 |     3 |       ||     4
       Confused          |       |       |     1 ||     1
Armor: Skin              |    24 |    47 |    32 ||   103
Dodge: Dodged            |    47 |    94 |    21 ||   162
